 Dungeon Crawl Stone Soup version 0.28.0-47-ge53b351184 (webtiles) character file.

Game seed: 13414530982199163943

56 Bruhh the Changer (level 3, -1/26 HPs)
             Began as a Merfolk Transmuter on Apr 30, 2022.
             Slain by a gnoll
             ... wielding a +0 flail
              (5 damage)
             ... on level 2 of the Dungeon.
             The game lasted 00:06:51 (3870 turns).

Bruhh the Changer (Merfolk Transmuter)              Turns: 3870, Time: 00:06:51

Health: -1/26      AC:  2    Str: 16    XL:     3   Next: 97%
Magic:  7/7        EV: 12    Int: 14    God:
Gold:   75         SH:  0    Dex: 14    Spells: 5/8 levels left

rFire   . . .      SeeInvis .   j - +0 spear
rCold   . . .      Faith    .   (no shield)
rNeg    . . .      Spirit   .   a - +0 robe
rPois   .          Reflect  .   (no helmet)
rElec   .          Harm     .   (no cloak)
rCorr   .          Rampage  .   (no gloves)
Will    .....                   (no boots)
Stlth   +.........              (no amulet)
HPRegen 0.08/turn               g - +6 ring of strength
MPRegen 0.10/turn               (no ring)

@: wereblooded (expiring)
A: (nimble swimmer 2), mertail
a: no special abilities


You were on level 2 of the Dungeon.
You visited 1 branch of the dungeon, and saw 3 of its levels.

You collected 75 gold pieces.

Inventory:

Hand Weapons
 j - a +0 spear (weapon)
Armour
 a - a +0 robe (worn)
Jewellery
 g - a +6 ring of strength (left hand)
Scrolls
 b - a scroll of torment {unknown}
 f - a scroll of amnesia {unknown}
 h - a scroll of identify {unknown}
Potions
 d - a potion of mutation {unknown}
 e - a potion of might
 i - 2 potions of cancellation


   Skills:
 - Level 1.2 Fighting
 - Level 2.7 Dodging
 - Level 3.3 Unarmed Combat
 + Level 3.0 Spellcasting
 + Level 4.2 Transmutations


You had 5 spell levels left.
You knew the following spells:

 Your Spells              Type           Power      Damage    Failure   Level
a - Beastly Appendage     Tmut           26%        N/A       3%          1
b - Wereblood             Tmut           13%        N/A       6%          2

Your spell library contained the following spells:

 Spells                   Type           Power      Damage    Failure   Level
 Magic Dart               Conj           8%         1d3       22%         1
 Spider Form              Tmut/Pois      8%         N/A       26%         3
 Searing Ray              Conj           4%         2d4       32%         2
 Frozen Ramparts          Ice            4%         1d2       54%         3
 Ice Form                 Ice/Tmut       8%         N/A       65%         4
 Fulminant Prism          Conj/Hex       1%         3d6       91%         4
 Summon Ice Beast         Ice/Summ       2%         N/A       91%         4


Dungeon Overview and Level Annotations

Branches:
Dungeon (3/15)

Altars:
Trog


Innate Abilities, Weirdness & Mutations

((You are very nimble when in or above water. (Stealth+, EV+, Speed+++)))
Your lower body shifts to a powerful aquatic tail in water.


Message History

Press: ? - help, Dir - move target, f/p - gnoll
Aim: a gnoll, wielding a +0 flail (lightly wounded, about 36% to evade your +0 spear)
You hit the gnoll. Your headbutt misses the gnoll.
The gnoll is heavily wounded.
The gnoll hits you with a +0 flail.
Casting: Beastly Appendage (safe; 4% risk of failure)
Confirm with . or Enter, or press ? or * to list all spells.
Your blood is infused with primal strength.
The gnoll closely misses you.
You hit the gnoll. Your headbutt misses the gnoll.
The gnoll is severely wounded.
The gnoll hits you with a +0 flail!
You hit the gnoll.
The gnoll is almost dead.
The gnoll barely misses you. The rat barely misses you.
You closely miss the rat. The gnoll hits you with a +0 flail!
* * * LOW HITPOINT WARNING * * *
The rat bites you.
* * * LOW HITPOINT WARNING * * *
You closely miss the rat. Your headbutt misses the rat. The gnoll misses you.
The rat bites you but does no damage. The gnoll closely misses you.
You barely miss the rat. The rat bites you.
* * * LOW HITPOINT WARNING * * *
The gnoll closely misses you.
Your horns disappear.
The rat barely misses you. The rat bites you.
* * * LOW HITPOINT WARNING * * *
There is a stone staircase leading up here.
You feel better. The rat bites you. The gnoll hits you with a +0 flail!
* * * LOW HITPOINT WARNING * * *
You hit the gnoll.
You feel a bit better.
You kill the gnoll!
The rat bites you but does no damage.
Your Spellcasting skill increases to level 3!
The rat barely misses you.
Your primal bloodlust is almost over.
The gnoll hits you but does no damage. The gnoll closely misses you.
The gnoll hits you with a +0 flail.
You die...

#.. #... #..# ##+##
#... ##...## ###...
##.....## .......
##...)...## ###.##.
#.rg..<...# #...#.
+.@g......+ .....
#.........# .....
##.......## ..##.
##.....## .# #.
##...## ##'## #.#
#.#
########.########.#


You could see 2 gnolls and a rat.

Vanquished Creatures
  A gnoll (D:2)
  A dart slug (D:1)
  4 ball pythons
  2 bats (D:3)
  4 endoplasms
  2 goblins
  7 hobgoblins
  8 jackals
  A quokka (D:2)
  4 frilled lizards
  A kobold (D:1)
  5 rats
40 creatures vanquished.

Vanquished Creatures (others)
  5 plants (D:1)
5 creatures vanquished.

Grand Total: 45 creatures vanquished

Notes
Turn   | Place    | Note
-------+----------+-------------------------------------------
     0 | D:1      | Bruhh the Merfolk Transmuter began the quest for the Orb.
     0 | D:1      | Reached XP level 1. HP: 15/15 MP: 3/3
   221 | D:1      | Reached skill level 3 in Transmutations
   373 | D:1      | Reached XP level 2. HP: 19/21 MP: 1/5
   761 | D:1      | Found a faded altar of an unknown god.
  1420 | D:1      | Reached XP level 3. HP: 19/26 MP: 6/6
  1953 | D:2      | HP: 1/26 [goblin/+0 dagger (3)]
  2311 | D:2      | Noticed an ogre
  3022 | D:3      | Learned a level 2 spell: Wereblood
  3334 | D:3      | Reached skill level 4 in Transmutations
  3418 | D:3      | Found a bloodstained altar of Trog.
  3862 | D:2      | HP: 1/26 [gnoll/+0 flail (7)]
  3870 | D:2      | Slain by a gnoll

Illustrated notes

Levels and vault maps discovered:
D:1:      dpeg_arrival_lava_temple_mockup, layout_loops_ring,
          hellmonk_ecumenical_altar_pennies_from_heaven, serial_bayou_pond_a
D:2:      layout_loops_corners, nicolae_figureground_pulse
D:3:      cheibrodos_greedy_goblins, layout_loops_corners, minitemple

Skill      XL: |  1  2  3 |
---------------+----------+-----
Transmutations | 3 4 |  4.2
Spellcasting   | 3 |  3.0
Fighting       | |  1.2
Dodging        | |  2.7
Unarmed Combat | |  3.3

Action                   || total
-------------------------++-------
Melee: Unarmed           ||    96
       Headbutt          ||    18
       Punch             ||     3
       Spear             ||   104
 Cast: Beastly Appendage ||    24
       Wereblood         ||     4
  Use: Potion            ||     5
 Stab: Sleeping          ||     2
Armor: Robe              ||    24
Dodge: Dodged            ||   113
